 Dungeon Crawl Stone Soup version 0.29-a0-495-g17b79114eb (webtiles) character file.

Game seed: 4955454644907526248

3 MysticalOrb the Grasshopper (level 1, 15/17 HPs)
             Began as a Draconian Warper on May 27, 2022.
             Quit the game on level 1 of the Dungeon.
             The game lasted 00:04:22 (160 turns).

MysticalOrb the Grasshopper (Draconian Warper)       Turns: 160, Time: 00:04:22

Health: 15/17      AC:  4    Str: 13    XL:     1   Next: 41%
Magic:  3/3        EV: 12    Int: 13    God:
Gold:   16         SH:  0    Dex: 10    Spells: 4/4 levels left

rFire   . . .      SeeInvis .   a - +0 spear
rCold   . . .      Faith    .   (no shield)
rNeg    . . .      Spirit   .   (body armour unavailable)
rPois   .          Reflect  .   (helmet restricted)
rElec   .          Harm     .   (no cloak)
rCorr   .          Rampage  .   (no gloves)
Will    .....                   (no boots)
Stlth   +.........              (no amulet)
HPRegen 0.05/turn               (no ring)
MPRegen 0.08/turn               (no ring)

@: no status effects
A: AC +4, unfitting armour, cold-blooded
a: no special abilities


You were on level 1 of the Dungeon.
You visited 1 branch of the dungeon, and saw 1 of its levels.

You collected 16 gold pieces.

Inventory:

Hand Weapons
 a - a +0 spear (weapon)
Missiles
 c - 7 boomerangs of dispersal (quivered)
Scrolls
 b - a scroll of blinking
 d - a scroll of identify {unknown}
Potions
 e - a potion of curing {unknown}
 f - a potion of haste {unknown}


   Skills:
 + Level 2.1 Fighting
 + Level 2.0 Polearms
 + Level 0.8 Throwing
 + Level 2.3 Dodging
 + Level 2.0 Spellcasting
 + Level 3.0 Translocations


You had 4 spell levels left.
You didn't know any spells.
Your spell library contained the following spells:

 Spells                   Type           Power      Damage    Failure   Level
 Blink                    Tloc           18%        N/A       11%         2
 Gell's Gravitas          Tloc           9%         N/A       22%         3
 Lesser Beckoning         Tloc           9%         N/A       22%         3
 Teleport Other           Tloc           9%         N/A       22%         3
 Manifold Assault         Tloc           9%         N/A       90%         5


Dungeon Overview and Level Annotations

Branches:
Dungeon (1/15)

Altars:


Innate Abilities, Weirdness & Mutations

Your plain brown scales are hard. (AC +4)
You cannot fit into any form of body armour.
You are cold-blooded and may be slowed by cold attacks.


Message History

A bat comes into view.
The bat hits you but does no damage. The bat hits you but does no damage. x2
The bat closely misses you. The bat barely misses you.
The bat barely misses you. The bat closely misses you.
The bat attacks as you move away! The bat hits you.
The bat hits you but does no damage. The bat misses you.
The bat attacks as you move away! The bat closely misses you.
The bat barely misses you.
You hit the bat.
The bat is moderately wounded.
The bat hits you but does no damage. The bat hits you.
You completely miss the bat. You tail-slap the bat.
You kill the bat!
You see here a bat corpse.
You see here 21 stones.
A bat comes into view.
The bat hits you but does no damage.
You see here 21 stones.
The bat closely misses you. The bat completely misses you. The bat hits you.
The bat hits you but does no damage. The bat hits you.
The bat attacks as you move away! The bat hits you. The bat closely misses you.
The bat closely misses you.
You hit the bat.
You kill the bat!
You see here a bat corpse.
There is a stone staircase leading down here.
Unknown command.
Unknown command.
Sorry, you're not good enough to have a special ability.
Blink to where?
Press: ? - help, Q - select action, (/) - cycle Dir - move target, f - you
Okay, then.
Okay, then.
Are you sure you want to abandon this character and quit the game? (Confirm with "yes".)

#. #.# .
##.#♣.♣####
#.........#.
#..♣.♣.♣....
#...........
###♣#♣.♣##..
####### #...#...
#.....# ##.....#
#.@...# ##.#...
#.....# #...#.
###...# ###.##
#.#.##########...
#.#.........†....
#.........#######
#.....####.....#
#.###.# #####...#
... #.. ..


There were no monsters in sight!

Vanquished Creatures
  An endoplasm (D:1)
  2 bats (D:1)
  A frilled lizard (D:1)
4 creatures vanquished.

Notes
Turn   | Place    | Note
-------+----------+-------------------------------------------
     0 | D:1      | MysticalOrb the Draconian Warper began the quest for the
                  | Orb.
     0 | D:1      | Reached XP level 1. HP: 17/17 MP: 3/3
   160 | D:1      | Quit the game

Illustrated notes

Levels and vault maps discovered:
D:1:      psy_arrival_basics, layout_rooms, serial_forest,
          infiniplex_forest_lined_4_way, infiniplex_forest_join,
          infiniplex_forest_lined_corner, infiniplex_forest_clump_double

Action                   || total
-------------------------++-------
Melee: Spear             ||    12
       Tailslap          ||     1
       Punch             ||     1
Armor: Skin              ||    10
Dodge: Dodged            ||    15

Table legend: (Time is in decaauts)
 A = Elapsed time spent in this place.
 B = Non-inter-level travel time spent in this place.
 C = Inter-level travel time spent in this place.
 D = Time resting spent in this place.
 E = Time spent auto-exploring this place.
 F = Levels seen in this place.
 G = Mean time per level.
                   A        B        C        D        E       F      G
               +--------+--------+--------+--------+--------+-----+--------+
         Total |    160 |    155 |      5 |      0 |      0 |   1 |  160.0 |
       Dungeon |    160 |    155 |      5 |      0 |      0 |   1 |  160.0 |
               +--------+--------+--------+--------+--------+-----+--------+

Top non-repeatable levels by time:
     D:1: 160 daAuts
